 Dungeon Crawl Stone Soup version 0.31-a0-188-g5e087ee2ca (webtiles) character file.

Game seed: 15045591999136440783

97 qw the Shooter (level 4, -8/25 HPs)
             Began as a Deep Elf Hunter on June 23, 2023.
             Mangled by Sigmund
             ... wielding a +0 scythe
              (10 damage)
             ... on level 2 of the Dungeon.
             The game lasted 00:00:34 (1388 turns).

qw the Shooter (Deep Elf Hunter)                    Turns: 1388, Time: 00:00:35

Health: -8/25      AC:  3    Str: 10    XL:     4   Next: 42%
Magic:  6/6        EV: 12    Int: 14    God:
Gold:   129        SH:  0    Dex: 18    Spells: 3/3 levels left

rFire   . . .        Y - +0 shortbow
rCold   . . .        (shield currently unavailable)
rNeg    . . .        c - +0 leather armour
rPois   .            (no helmet)
rElec   .            (no cloak)
rCorr   .            (no gloves)
SInv    .            (no boots)
Will    .....        (no amulet)
Stlth   ++           (no ring)
HPRegen 0.24/turn    (no ring)
MPRegen 0.10/turn

%: no passive effects
@: no status effects
A: no striking features
a: no special abilities


You were on level 2 of the Dungeon.
You visited 1 branch of the dungeon, and saw 2 of its levels.

You collected 129 gold pieces.


   Skills:
 - Level 1.5 Fighting
 + Level 7.8 Ranged Weapons
 - Level 2.4 Dodging
 - Level 1.2 Stealth


You had 3 spell levels left.
You didn't know any spells.
Your spell library was empty.

Inventory:

Hand Weapons
 Y - a +0 shortbow (weapon)
Armour
 a - a +0 scale mail
 c - a +0 leather armour (worn)
 i - a +0 helmet
Jewellery
 g - an amulet of reflection
Scrolls
 b - a scroll of teleportation {unknown}
 d - a scroll of fog {unknown}
 e - a scroll of identify
Potions
 f - a potion of heal wounds
 h - a potion of curing {unknown}

Dungeon Overview and Level Annotations

Branches:
Dungeon (2/15)

Altars:

Annotations:
D:2 Sigmund


Message History

You shoot an arrow. The arrow barely misses Sigmund.
You shoot an arrow.
The arrow hits Sigmund but does no damage.
Sigmund is lightly wounded.
Sigmund breathes a few words.
Sigmund's hands start flickering wildly.
Sigmund hits you from afar with a +0 scythe.
You shoot an arrow. The arrow hits Sigmund.
Sigmund is moderately wounded.
Sigmund hits you but does no damage.
You shoot an arrow. The arrow barely misses Sigmund.
You shoot an arrow. The arrow closely misses Sigmund.
Sigmund gestures at you while chanting. You resist with some effort.
Sigmund casts a spell at you. You resist with some effort.
You shoot an arrow. The arrow barely misses Sigmund.
Sigmund screams, "Die, monster!"
Sigmund closely misses you.
You shoot an arrow. The arrow hits Sigmund.
Sigmund is heavily wounded.
You shoot an arrow. The arrow barely misses Sigmund.
Sigmund gestures at you while chanting.
You are confused.
Sigmund closely misses you.
Sigmund gestures wildly while chanting.
Sigmund flickers and vanishes!
Deactivating autopickup; reactivate with Ctrl-A.
You shoot an arrow.
A magic dart appears from out of thin air!
The magic dart hits you!
You shoot an arrow. Something hits you.
You shoot an arrow. You shoot an arrow.
You feel less confused. Something hits you.
You shoot an arrow. Something hits you!
You die...

#############
#>...(......#
#.####......#
#.# ##.....#
#.# #.....#
#.# #.....#
#.# #..@..#
#.# ###'###
#.# #{.
#.########..
#.#.....# ###
#.'.....#
#.#.....#
####
#.#.....# #..
..#.....###.#


There were no monsters in sight!

Vanquished Creatures
  Terence (D:2)
  2 adders (D:2)
  2 dart slugs
  2 endoplasms (D:1)
  2 giant cockroaches
  5 goblins (D:1)
  5 hobgoblins
  4 jackals (D:1)
  5 kobolds
  2 quokkas (D:1)
  8 ball pythons
  3 bats
  2 frilled lizards
  2 rats (D:1)
45 creatures vanquished.

Notes
Turn   | Place    | Note
-------+----------+-------------------------------------------
     0 | D:1      | qw the Deep Elf Hunter began the quest for the Orb.
     0 | D:1      | Reached XP level 1. HP: 12/12 MP: 3/3
     0 | D:1      | 0 ||| qw: Version: 0.3-a-9-g12657ce
     0 | D:1      | 0 ||| qw: Game counter: 4241
     0 | D:1      | 0 ||| qw: Always use a shield: true
     0 | D:1      | 0 ||| qw: God list: Okawaru
     0 | D:1      | 0 ||| qw: Allow faded altars: false
     0 | D:1      | 0 ||| qw: Do Orc after D:15 true
     0 | D:1      | 0 ||| qw: Do second Lair branch before Depths: true
     0 | D:1      | 0 ||| qw: Lair rune preference: random
     0 | D:1      | 0 ||| qw: Plans: Normal
     0 | D:1      | 0 ||| PLANNING D:1-11
    83 | D:1      | Reached XP level 2. HP: 16/16 MP: 4/4
   100 | D:1      | Reached skill level 6 in Ranged Weapons
   105 | D:1      | 105 ||| FLEEEEING.
   106 | D:1      | 106 ||| FLEEEEING.
   107 | D:1      | 107 ||| FLEEEEING.
   441 | D:1      | Reached XP level 3. HP: 18/20 MP: 5/5
   441 | D:1      | 441 ||| FLEEEEING.
   883 | D:1      | 883 ||| READING 2 scrolls labelled KUAG SYLUEL.
   884 | D:1      | 884 ||| READING 3 scrolls labelled FIEKKU ZIVVUIP.
   885 | D:1      | 885 ||| READING scroll labelled XIAFOR NULU.
   986 | D:1      | 986 ||| READING 2 scrolls of identify.
   986 | D:1      | 986 ||| IDENTIFYING emerald potion
   987 | D:1      | 987 ||| DROPPING scroll of immolation.
   988 | D:1      | 988 ||| DROPPING scroll of butterflies.
  1071 | D:2      | Reached skill level 7 in Ranged Weapons
  1071 | D:2      | Noticed Terence
  1081 | D:2      | Killed Terence
  1082 | D:2      | Reached XP level 4. HP: 14/25 MP: 6/6
  1364 | D:2      | Noticed Sigmund
  1387 | D:2      | HP: 2/25 [something (6)]
  1388 | D:2      | Mangled by Sigmund

Levels and vault maps discovered:
D:1:      matt_arrival_diagonals, layout_basic, minmay_surrounded
D:2:      layout_basic, roderic_serpentine_path, uniq_sigmund, uniq_terence

Skill      XL: |  1  2  3 |
---------------+----------+-----
Ranged Weapons | 6 7 |  7.8
Fighting       | |  1.5
Dodging        | |  2.4
Stealth        | |  1.2

Action                     |  1- 3 |  4- 6 || total
---------------------------+-------+-------++-------
   Fire: Shortbow          |    93 |    49 ||   142
    Use: Scroll            |     4 |       ||     4
 Armour: Leather armour    |     6 |     8 ||    14
  Dodge: Dodged            |    31 |    28 ||    59

Table legend:
 A = Non-vault XP
 B = Vault XP
 C = Vault XP percentage of total XP
 D = Non-vault monster count
 E = Vault monster count
 F = Vault count percentage of total count
                 A         B        C        D         E       F
            +---------+---------+-------+---------+---------+-------
      Total |      90 |      49 |  35.3 |      38 |       7 |  15.6
            +---------+---------+-------+---------+---------+-------
        D:1 |      44 |      13 |  22.8 |      27 |       6 |  18.2
        D:2 |      46 |      36 |  43.9 |      11 |       1 |   8.3
            +---------+---------+-------+---------+---------+-------
